 Dungeon Crawl Stone Soup version 0.28.0-53-g5a82cb258f (webtiles) character file.

Game seed: 6300628516739094834

188 DocClef the Insei (level 5, -2/29 HPs)
             Began as a Tengu Transmuter on June 28, 2022.
             Slain by a sky beast (4 damage)
             ... on level 3 of the Dungeon.
             The game lasted 00:02:16 (3768 turns).

DocClef the Insei (Tengu Transmuter)                Turns: 3768, Time: 00:02:16

Health: -2/29      AC:  3    Str: 10    XL:     5   Next: 67%
Magic:  9/9        EV: 15    Int: 13    God:
Gold:   221        SH:  0    Dex: 17    Spells: 7/8 levels left

rFire   . . .      SeeInvis .     - Unarmed
rCold   . . .      Faith    .   (no shield)
rNeg    . . .      Spirit   .   a - +0 robe
rPois   .          Reflect  .   (helmet restricted)
rElec   .          Harm     .   (no cloak)
rCorr   .          Rampage  .   g - +0 pair of gloves
Will    .....                   (boots unavailable)
Stlth   ++........              (no amulet)
HPRegen 0.09/turn               (no ring)
MPRegen 0.11/turn               (no ring)

@: flying quickly and evasively, quick
A: beak, talons 3, nimble flight
a: no special abilities


You were on level 3 of the Dungeon.
You visited 1 branch of the dungeon, and saw 3 of its levels.

You collected 221 gold pieces.

Inventory:

Armour
 a - a +0 robe (worn)
 g - a +0 pair of gloves (worn)
Scrolls
 c - a scroll of summoning {unknown}
 d - 2 scrolls of identify {unknown}
 h - a scroll of teleportation {unknown}
Potions
 b - a potion of brilliance {unknown}
 e - 2 potions of berserk rage {unknown}
 f - a potion of flight {unknown}
 i - a potion of curing {unknown}


   Skills:
 - Level 1.0 Fighting
 - Level 2.1 Dodging
 + Level 2.2 Stealth
 + Level 6.0 Unarmed Combat
 - Level 2.0 Spellcasting
 + Level 2.0 Transmutations


You had 7 spell levels left.
You knew the following spells:

 Your Spells              Type           Power      Damage    Failure   Level
a - Beastly Appendage     Tmut           12%        N/A       11%         1

Your spell library contained the following spells:

 Spells                   Type           Power      Damage    Failure   Level
 Wereblood                Tmut           6%         N/A       17%         2
 Summon Small Mammal      Summ           4%         N/A       26%         1
 Corpse Rot               Necr/Air       2%         N/A       36%         2
 Poisonous Vapours        Pois/Air       2%         N/A       36%         2
 Spider Form              Tmut/Pois      3%         N/A       45%         3
 Call Canine Familiar     Summ           1%         N/A       58%         3
 Summon Guardian Golem    Hex/Summ       1%         N/A       58%         3
 Ice Form                 Ice/Tmut       3%         N/A       86%         4


Dungeon Overview and Level Annotations

Branches:
Dungeon (3/15)

Altars:


Innate Abilities, Weirdness & Mutations

You have a beak for a mouth.
You have claws for feet.
Your magical nature lets you fly swiftly and evasively.


Message History

Your peck misses something. Something hits you. Something shocks you.
You hit something but do no damage. Your kick misses something.
Your peck misses something. You miss something. Your kick misses something.
Your peck misses something.
A sky beast appears from thin air!
Reactivating autopickup.
The sky beast misses you.
You hit the sky beast. You claw the sky beast!
The sky beast is heavily wounded.
The sky beast hits you but does no damage.
You hit the sky beast but do no damage. You peck the sky beast.
The sky beast is heavily wounded.
The sky beast completely misses you.
You hit the sky beast. You claw the sky beast.
The sky beast is severely wounded.
The sky beast hits you. The sky beast shocks you.
* * * LOW HITPOINT WARNING * * *
You closely miss the sky beast. Your kick misses the sky beast.
The sky beast is severely wounded.
The sky beast barely misses you.
You hit the sky beast but do no damage.
You peck the sky beast, but do no damage.
The sky beast is severely wounded.
The sky beast hits you.
* * * LOW HITPOINT WARNING * * *
The sky beast shocks you.
* * * LOW HITPOINT WARNING * * *
You closely miss the sky beast.
You claw the sky beast, but do no damage.
You peck the sky beast.
The sky beast is severely wounded.
The sky beast closely misses you.
You hit the sky beast but do no damage. Your kick misses the sky beast.
Your peck misses the sky beast.
The sky beast is severely wounded.
The sky beast flickers out of sight!
Deactivating autopickup; reactivate with Ctrl-A.
Something barely misses you.
You barely miss something. You peck something. Something hits you.
You die...

....###....####
..........##
..##.....# #####.# #.#
#.##+# #########
###..##
........####....#
.........@{'.†..#
........#####..#+
........########
#######.....###
#........# #
#.........## #
#..........###### #
#...............######
#.....................


There were no monsters in sight!

Vanquished Creatures
  A bullfrog (D:3)
  4 gnolls (D:3)
  2 adders (D:2)
  3 worms (D:2)
  3 orcs (D:3)
  3 ball pythons
  6 bats
  4 endoplasms
  4 giant cockroaches
  9 goblins
  6 hobgoblins
  A quokka (D:2)
  3 frilled lizards
  7 kobolds
  5 rats
61 creatures vanquished.

Notes
Turn   | Place    | Note
-------+----------+-------------------------------------------
     0 | D:1      | DocClef the Tengu Transmuter began the quest for the Orb.
     0 | D:1      | Reached XP level 1. HP: 12/12 MP: 4/4
   291 | D:1      | Reached XP level 2. HP: 15/16 MP: 6/6
   462 | D:1      | Found a faded altar of an unknown god.
   722 | D:2      | Reached skill level 4 in Unarmed Combat
  1012 | D:2      | Reached XP level 3. HP: 9/20 MP: 7/7
  1760 | D:2      | Reached skill level 1 in Stealth
  2133 | D:2      | Reached XP level 4. HP: 25/25 MP: 8/8
  2163 | D:2      | Reached skill level 5 in Unarmed Combat
  3051 | D:3      | Gained mutation: Your magical nature lets you fly swiftly
                  | and evasively. [Tengu growth]
  3051 | D:3      | Reached XP level 5. HP: 29/29 MP: 9/9
  3154 | D:3      | Reached skill level 6 in Unarmed Combat
  3749 | D:3      | Noticed a sky beast
  3768 | D:3      | Slain by a sky beast

Illustrated notes

Levels and vault maps discovered:
D:1:      wander_arrival_chamber, layout_loops_ring,
          hellmonk_ecumenical_altar_lost_god
D:2:      minmay_inner_zag, layout_loops_ring, minivault_19, minmay_tetromino_o4
D:3:      minmay_bubble_buster, layout_rooms, st_stairs_1, serial_bayou_crossing

Skill      XL: |  1  2  3  4  5 |
---------------+----------------+-----
Unarmed Combat | 4 5 6 |  6.0
Stealth        | 1 2 |  2.2
Transmutations | 2 |  2.0
Fighting       | |  1.0
Dodging        | |  2.1
Spellcasting   | |  2.0

Action                   |  1- 3 |  4- 6 || total
-------------------------+-------+-------++-------
Melee: Unarmed           |    84 |    60 ||   144
       Kick              |    28 |    20 ||    48
       Peck              |    12 |    12 ||    24
       Punch             |     4 |       ||     4
 Stab: Sleeping          |     3 |       ||     3
Armor: Robe              |    20 |    11 ||    31
Dodge: Dodged            |    44 |    26 ||    70
